 Dungeon Crawl Stone Soup version 0.20.1-1-g8b1a95d (webtiles) character file.

17556 poxvuibr the Thaumaturge (level 12, -1/66 HPs)
             Began as a Deep Elf Wizard on Sept 3, 2017.
             Was an Elder of Vehumet.
             Slain by an unseen horror (4 damage)
             ... on level 12 of the Dungeon.
             The game lasted 01:52:27 (25113 turns).

poxvuibr the Thaumaturge (Deep Elf Wizard)         Turns: 25113, Time: 01:52:28

Health: -1/66      AC:  5    Str:  6    XL:     12   Next: 19%
Magic:  29/32      EV: 13    Int: 29    God:    Vehumet [****..]
Gold:   578        SH:  7    Dex: 13    Spells: 28/39 levels left

rFire    . . .     SeeInvis .   s - +4 dagger
rCold    . . .     Gourm    .   P - +0 buckler
rNeg     . . .     Faith    .   a - +0 robe
rPois    .         Spirit   .   m - +0 helmet
rElec    .         Reflect  +   (no cloak)
rCorr    .         Harm     .   p - +1 pair of gloves
MR       +....                  (no boots)
Stlth    ++........             h - +2 amulet of reflection
Regen    0.3/turn               H - +2 ring of strength
MPRegen  0.3/turn               (no ring)

@: very slightly contaminated, invisible
A: no striking features
a: Renounce Religion


You were on level 12 of the Dungeon.
You worshipped Vehumet.
Vehumet was greatly pleased with you.
You were not hungry.

You visited 1 branch of the dungeon, and saw 12 of its levels.

You collected 578 gold pieces.

Inventory:

Hand Weapons
 e - a -3 dagger
 s - a +4 dagger (weapon)
 t - a +2 halberd of freezing
 w - a +1 dagger of protection
 y - a +0 shortbow
 C - a cursed +2 dagger
 K - a +2 spear of flaming
 L - a +0 vampiric battleaxe
 N - a +0 shortbow
Missiles
 B - 191 arrows
 U - 2 stones (quivered)
Armour
 a - a +0 robe (worn)
 b - a +0 hat
 m - a +0 helmet (worn)
 p - a +1 pair of gloves (worn)
 r - the +1 cloak "Owihoni" {-Cast Int+9 SInv}
   (You found it on level 5 of the Dungeon)

   It affects your intelligence (+9).
   It lets you see invisible.
   It prevents spellcasting.
 P - a +0 buckler (worn)
Magical Staves
 A - an uncursed staff of energy
Jewellery
 h - a +2 amulet of reflection (around neck)
 H - a +2 ring of strength (left hand)
Wands
 E - a wand of digging (8/24)
 Q - a wand of random effects (17/48)
 T - a wand of iceblast (4/15)
 V - a wand of confusion (21/48)
Scrolls
 f - 3 scrolls of remove curse
 i - 2 scrolls of immolation
 j - 4 scrolls of amnesia
 u - a scroll of random uselessness
 v - 2 scrolls of recharging
 x - 7 scrolls of enchant armour
Potions
 g - 2 potions of mutation
 o - 3 potions of agility
 q - a potion of ambrosia
 z - a potion of haste {unknown}
 F - a potion of heal wounds {unknown}
 I - a potion of berserk rage {unknown}
 M - a potion of lignification {unknown}
Books
 c - a book of Minor Magic

   Spells                             Type                      Level
   a - Magic Dart                     Conjuration                  1
   b - Blink                          Translocation                2
   c - Call Imp                       Summoning                    2
   d - Slow                           Hexes                        2
   e - Conjure Flame                  Conjuration/Fire             3
   f - Mephitic Cloud                 Conjuration/Poison/Air       3
Comestibles
 d - 4 bread rations
 n - 4 meat rations
 J - 13 fruits
 R - 7 royal jellies


   Skills:
 + Level 3.9 Fighting
 - Level 2.4 Dodging
 - Level 2.4 Stealth
 + Level 4.0 Shields
 + Level 14.2 Spellcasting
 + Level 11.6 Conjurations
   Level 1.1 Summonings
   Level 1.1 Translocations
 + Level 12.0 Fire Magic


You had 28 spell levels left.
You knew the following spells:

 Your Spells              Type           Power        Failure   Level  Hunger
a - Searing Ray           Conj           ######       1%          2    None
b - Conjure Flame         Conj/Fire      ######..     1%          3    None
f - Bolt of Magma         Conj/Fire/Erth ######....   1%          5    None
z - Magic Dart            Conj           ####         0%          1    None


Dungeon Overview and Level Annotations

Branches:
Dungeon (12/15)            Temple (0/1) D:7             Orc (0/2) D:12
   Lair: D:8-11

Altars:
Ashenzari
Cheibriados
Elyvilon
Gozag
Makhleb
Nemelex Xobeh
Ru
Trog
Uskayaw
Vehumet
Xom
Zin
The Shining One

Shops:
D:10 }   D:12 (

Annotations:
D:11 Gastronok


Message History

The vampire mosquito draws strength from your injuries!
The searing ray hits the vampire mosquito.
The vampire mosquito is severely damaged.
You finish channeling your searing ray.
You block the vampire mosquito's attack.
The vampire mosquito bites you!
* * * LOW HITPOINT WARNING * * *
The vampire mosquito draws strength from your injuries!
You feel better.
You block the vampire mosquito's attack.
The vampire mosquito bites you but does no damage.
You fade further into invisibility.
You block the vampire mosquito's attack.
The vampire mosquito misses you.
Okay, then.
The vampire mosquito bites you.
* * * LOW HITPOINT WARNING * * *
The vampire mosquito draws strength from your injuries!
Something hits you.
You die...

##...##...#..#..#,,,**.....O.....
#######...#.....#,,,**...........
#*,,,######.....#############'###
..,,,#...........................
....,#......####.................
.....#......# #...##....########
##...#......####.y.##.)..........
######...........................
#.....##########@########......รท#
#.....#..........#......#.####..#
#.....#..........#......#.# #..#
#.....#..........#......#.####..#
#.....#....########....##.......#
#.....#....##...#*#....#########.
#.....#....##.....#.....')))...#.
###'###....##.....#.....#......#.
.....##....##.....#(..x.#......#.


You could see a vampire mosquito.

Vanquished Creatures
  3 two-headed ogres
  A manticore (D:12)
  An ugly thing (D:12)
  2 gargoyles
  3 trolls
  A queen bee (D:8)
  A hornet (D:12)
  Prince Ribbit (D:7)
  6 hippogriffs
  A wraith (D:10)
  18 yaks
  Grum (D:8)
  2 vampire mosquitoes (D:12)
  5 orc warriors
  A water moccasin (D:10)
  2 black bears
  7 ice beasts
  4 sky beasts
  2 necrophages
  5 phantoms
  6 centaurs
  5 ogres
  3 wolves (D:8)
  4 big kobolds
  A crocodile (D:9)
  A gnoll sergeant (D:7)
  3 bullfrogs
  A water moccasin zombie (D:8)
  35 killer bees
  12 wights
  5 howler monkeys
  A centaur zombie (D:7)
  4 bullfrog zombies
  2 quasits
  7 crimson imps
  6 hounds
  2 jellies
  3 centaur skeletons
  4 orc priests
  2 bullfrog skeletons
  3 iguanas
  5 orc wizards
  9 worker ants
  A killer bee zombie (D:8)
  A hound skeleton (D:7)
  2 hound zombies (D:7)
  A howler monkey zombie (D:10)
  A worker ant zombie (D:6)
  22 adders
  14 gnolls
  6 river rats (D:5)
  A shadow imp (D:5)
  An ooze (D:1)
  An adder zombie (D:8)
  2 adder skeletons
  2 worms (D:2)
  5 dart slugs
  6 leopard geckos
  28 orcs
  5 giant cockroaches
  5 hobgoblins
  21 jackals
  29 kobolds
  16 quokkas
  A ball python (D:7)
  4 bats
  6 frilled lizards
  11 goblins
  A jackal skeleton (D:6)
  A leopard gecko zombie (D:5)
  3 quokka skeletons
  24 rats
412 creatures vanquished.

Notes
Turn   | Place    | Note
-------+----------+-------------------------------------------
     0 | D:1      | poxvuibr the Deep Elf Wizard began the quest for the Orb.
     0 | D:1      | Reached XP level 1. HP: 10/10 MP: 7/7
   507 | D:1      | Reached XP level 2. HP: 13/15 MP: 3/9
   687 | D:2      | Reached skill level 5 in Spellcasting
   763 | D:2      | Found a sacrificial altar of Ru.
  1203 | D:1      | Reached XP level 3. HP: 19/19 MP: 8/11
  1756 | D:2      | Learned a level 3 spell: Conjure Flame
  2241 | D:2      | Found a bloodstained altar of Trog.
  2293 | D:2      | Reached XP level 4. HP: 24/24 MP: 0/13
  2484 | D:2      | Found a faded altar of an unknown god.
  2484 | D:2      | Found a glowing golden altar of the Shining One.
  2493 | D:2      | Found a shimmering altar of Xom.
  2495 | D:2      | Found a faded altar of an unknown god.
  2512 | D:2      | Found a radiant altar of Vehumet.
  2552 | D:2      | Became a worshipper of Vehumet
  2841 | D:2      | Found a faded altar of an unknown god.
  2841 | D:2      | Found a glowing golden altar of the Shining One.
  2846 | D:2      | Found a shimmering altar of Xom.
  2848 | D:2      | Found a faded altar of an unknown god.
  2850 | D:2      | Found a radiant altar of Vehumet.
  2905 | D:2      | Found a sacrificial altar of Ru.
  3328 | D:2      | Found a bloodstained altar of Trog.
  3538 | D:3      | Reached skill level 6 in Spellcasting
  3538 | D:3      | Reached skill level 1 in Fire Magic
  3726 | D:3      | Found a burning altar of Makhleb.
  4065 | D:3      | Reached XP level 5. HP: 28/28 MP: 0/15
  4572 | D:3      | Found an opulent altar of Gozag.
  4609 | D:3      | Found a glowing silver altar of Zin.
  4880 | D:4      | Reached XP level 6. HP: 32/32 MP: 3/17
  5631 | D:5      | Entered Level 5 of the Dungeon
  5744 | D:5      | Reached * piety under Vehumet
  5744 | D:5      | Offered knowledge of Flame Tongue by Vehumet.
  5945 | D:5      | Reached skill level 7 in Spellcasting
  6119 | D:5      | Noticed an ice beast
  6135 | D:5      | Killed an ice beast
  6135 | D:5      | Reached XP level 7. HP: 36/36 MP: 4/19
  6609 | D:3      | Reached skill level 5 in Fire Magic
  7545 | D:4      | Reached skill level 5 in Conjurations
  8525 | D:5      | Reached skill level 8 in Spellcasting
  8577 | D:5      | Reached XP level 8. HP: 41/41 MP: 16/22
  8867 | D:6      | Offered knowledge of Searing Ray by Vehumet.
  8871 | D:6      | Learned a level 2 spell: Searing Ray
  9813 | D:6      | Reached ** piety under Vehumet
 10354 | D:6      | Reached skill level 9 in Spellcasting
 11292 | D:5      | Got a pitted cloak
 11298 | D:5      | Identified the +1 cloak "Owihoni" {-Cast Int+9 SInv} (You found it on level 5 of the Dungeon)
 11640 | D:5      | Offered knowledge of Ignite Poison by Vehumet.
 11963 | D:5      | Reached *** piety under Vehumet
 12383 | D:5      | Reached XP level 9. HP: 45/45 MP: 16/24
 12783 | D:7      | Found a staircase to the Ecumenical Temple.
 12821 | D:7      | Found a snail-covered altar of Cheibriados.
 12955 | D:7      | Found a white marble altar of Elyvilon.
 12982 | D:7      | Reached skill level 10 in Spellcasting
 13311 | D:7      | Offered knowledge of Dazzling Spray by Vehumet.
 13646 | D:7      | Noticed Prince Ribbit
 13657 | D:7      | Killed Prince Ribbit
 13955 | D:7      | Found a hide-covered altar of Uskayaw.
 14544 | D:7      | Found a staircase to the Ecumenical Temple.
 14554 | D:7      | Found a hide-covered altar of Uskayaw.
 14612 | D:7      | Reached skill level 11 in Spellcasting
 14623 | D:7      | Reached **** piety under Vehumet
 14951 | D:7      | Found a snail-covered altar of Cheibriados.
 15041 | D:7      | Found a white marble altar of Elyvilon.
 15442 | D:8      | Offered knowledge of Iskenderun's Mystic Blast by Vehumet.
 15495 | D:8      | Reached XP level 10. HP: 50/50 MP: 15/27
 15942 | D:8      | Found a sparkling altar of Nemelex Xobeh.
 15944 | D:8      | Noticed Grum
 15951 | D:8      | Killed Grum
 16094 | D:8      | Reached skill level 10 in Fire Magic
 16097 | D:8      | Reached skill level 12 in Spellcasting
 17419 | D:8      | Reached skill level 10 in Conjurations
 17448 | D:8      | Reached ***** piety under Vehumet
 17657 | D:8      | Found a sparkling altar of Nemelex Xobeh.
 17883 | D:8      | Offered knowledge of Bolt of Magma by Vehumet.
 17961 | D:8      | Learned a level 5 spell: Bolt of Magma
 18755 | D:9      | Reached skill level 13 in Spellcasting
 19157 | D:9      | Reached XP level 11. HP: 54/54 MP: 27/30
 19471 | D:9      | Noticed a two-headed ogre
 19549 | D:9      | Killed a two-headed ogre
 19549 | D:9      | Reached skill level 1 in Shields
 19834 | D:9      | Found an opulent altar of Gozag.
 19950 | D:9      | Reached skill level 1 in Fighting
 20360 | D:9      | Found an opulent altar of Gozag.
 20612 | D:10     | Entered Level 10 of the Dungeon
 20677 | D:10     | Found a shattered altar of Ashenzari.
 21319 | D:11     | Noticed Gastronok
 21319 | D:11     | Noticed a rakshasa
 22260 | D:10     | Found Joerph's Gadget Boutique.
 23686 | D:11     | Noticed a purple ugly thing
 24381 | D:12     | Found a staircase to the Orcish Mines.
 24544 | D:12     | Found Ucesat's Weapon Shop.
 24597 | D:12     | Reached skill level 14 in Spellcasting
 24640 | D:12     | Noticed a red ugly thing
 24647 | D:12     | Killed a white ugly thing
 24647 | D:12     | Reached XP level 12. HP: 38/64 MP: 11/32
 24984 | D:12     | Noticed a two-headed ogre
 24986 | D:12     | Killed a two-headed ogre
 25076 | D:12     | Noticed a two-headed ogre
 25089 | D:12     | Killed a two-headed ogre
 25108 | D:12     | HP: 1/66 [vampire mosquito (8)]
 25113 | D:12     | Slain by an unseen horror

Skill      XL: |  1  2  3  4  5  6  7  8  9 10 11 12 |
---------------+-------------------------------------+-----
Conjurations   | 2 3 4 5 7 8 10 11 | 11.6
Spellcasting   | 5 6 7 8 9 11 13 14 | 14.2
Fire Magic     | 2 3 4 6 7 9 11 12 | 12.0
Shields        | 3 4 |  4.0
Fighting       | 3 |  3.9
Dodging        | |  2.4
Stealth        | |  2.4
Summonings     | |  1.1
Translocations | |  1.1

Action                   |  1- 3 |  4- 6 |  7- 9 | 10-12 || total
-------------------------+-------+-------+-------+-------++-------
Melee: Dagger            |       |     8 |     7 |    12 ||    27
       Staff             |       |       |       |     1 ||     1
 Cast: Magic Dart        |   107 |   162 |   227 |    97 ||   593
       Conjure Flame     |     3 |    22 |    47 |    38 ||   110
       Searing Ray       |       |       |    84 |    67 ||   151
       Bolt of Magma     |       |       |       |   138 ||   138
  Use: Scroll            |       |    10 |     1 |    14 ||    25
       Potion            |       |       |       |     8 ||     8
  Eat: Chunk             |     3 |     7 |    18 |    15 ||    43
       Meat ration       |       |     1 |     1 |     3 ||     5
       Royal jelly       |       |       |     2 |       ||     2
       Fruit             |       |       |     1 |       ||     1
Armor: Robe              |     1 |     3 |    18 |    27 ||    49
Dodge: Dodged            |    13 |    11 |    45 |    79 ||   148
Block: Other             |     2 |     1 |       |     7 ||    10
       Buckler           |       |       |       |    21 ||    21
       Reflection        |       |       |       |     1 ||     1
